AoeStats
← kkkg

Golden Pit

508852480Analyzed
1v1 RM · 8d ago on Sep 24, 2026· 20m 42s· 2 players
Game mode
Random Map
Map size
Tiny (2 player)
Population
200
Speed
Normal
Resources
Standard
Victory
Conquest
Starting age
Dark Age
Ending age
Imperial Age
RankedLock teamsTeams togetherTeam positionsShared explorationLock speedFull tech treeHidden civsTurbo modeCheats
Victory
Defeat
🇧🇴 Vikings · Bolivia
851
+17
🇨🇳 Burgundians · China
865
-17
Daniel
3:05 Loom
12:49 Feudal Age
16:25 Castle Age
16:49 Man-at-Arms
17:36 Long Swordsman
kkkg
10:00 Feudal Age
10:14 Horse Collar
10:22 Double-Bit Axe
11:34 Bow Saw
18:54 Castle Age
17:32 Gold Mining
19:42 Husbandry
Connection lost

Rejoining the realm…

Still unreachable

The connection could not be restored.

Session expired

The server has moved on; the page needs a fresh start.